 Dungeon Crawl Stone Soup version 0.22-a0-456-g11ed031 (webtiles) character file.

4046 pk666 the Thaumaturge (level 10, -3/50 HPs)
             Began as a Deep Elf Fire Elementalist on June 6, 2018.
             Was a Believer of Vehumet.
             Slain by a killer bee (9 damage)
             ... on level 7 of the Dungeon.
             The game lasted 00:25:30 (7884 turns).

pk666 the Thaumaturge (Deep Elf Fire Elementalist)  Turns: 7884, Time: 00:25:31

Health: -3/50      AC:  2    Str:  5    XL:     10   Next: 4%
Magic:  3/26       EV: 16    Int: 24    God:    Vehumet [**....]
Gold:   394        SH:  0    Dex: 15    Spells: 17/30 levels left

rFire    + . .     SeeInvis .   (no weapon)
rCold    x . .     Gourm    .   (no shield)
rNeg     . . .     Faith    .   a - +0 robe
rPois    .         Spirit   .   (no helmet)
rElec    .         Reflect  .   (no cloak)
rCorr    .         Harm     +   (no gloves)
MR       +....                  (no boots)
Stlth    ++........             h - amulet of harm
HPRegen  0.16/turn              d - ring of fire
MPRegen  0.20/turn              m - +3 ring of evasion

@: lethally poisoned (-3 -> -4)
A: no striking features
a: Renounce Religion


You were on level 7 of the Dungeon.
You worshipped Vehumet.
Vehumet was pleased with you.
You were not hungry.

You visited 2 branches of the dungeon, and saw 9 of its levels.

You collected 394 gold pieces.

Inventory:

Armour
 a - a +0 robe (worn)
Jewellery
 b - an uncursed ring of stealth
 d - a ring of fire (left hand)
 h - an amulet of harm (around neck)
 k - an uncursed ring of stealth
 m - a +3 ring of evasion (right hand)
 u - an uncursed ring of protection from fire {unknown}
 v - a cursed -3 ring of protection {unknown}
Wands
 g - a wand of random effects (36)
 q - a wand of enslavement (15)
Scrolls
 e - 6 scrolls of remove curse
 j - 4 scrolls of identify
 l - a scroll of teleportation
 r - 2 scrolls of enchant armour {unknown}
Potions
 f - a potion of heal wounds
 i - 2 potions of curing
 n - a potion of cancellation
 o - 2 potions of invisibility
 p - a potion of might
 s - a potion of flight
 t - a potion of brilliance {unknown}
Comestibles
 c - 9 rations


   Skills:
 - Level 2.4 Dodging
 - Level 2.4 Stealth
 + Level 10.9 Spellcasting
 + Level 9.6 Conjurations
 + Level 9.6 Fire Magic


You had 17 spell levels left.
You knew the following spells:

 Your Spells              Type           Power        Failure   Level  Hunger
a - Flame Tongue          Conj/Fire      #####        1%          1    None
b - Sticky Flame          Conj/Fire      ######..     1%          4    None
c - Conjure Flame         Conj/Fire      ######..     1%          3    None
z - Fireball              Conj/Fire      ######....   2%          5    ####...

Your spell library contained the following spells:

 Spells                   Type           Power        Failure   Level  Hunger
 Lightning Bolt           Conj/Air       #####.....   19%         5    ####...
 Throw Flame              Conj/Fire      ######       1%          2    None
 Animate Dead             Necr           N/A          43%         4    None
 Pain                     Necr           ##..         4%          1    None
 Animate Skeleton         Necr           N/A          4%          1    None
 Vampiric Draining        Necr           ##........   14%         3    None
 Regeneration             Chrm/Necr      ##........   14%         3    None
 Shock                    Conj/Air       ####         1%          1    None
 Swiftness                Chrm/Air       ##......     8%          2    None
 Airstrike                Air            ##........   43%         4    None
 Static Discharge         Conj/Air       #####...     1%          3    None
 Inner Flame              Hex/Fire       ######..     1%          3    None


Dungeon Overview and Level Annotations

Branches:
Dungeon (8/15)             Temple (1/1) D:5
   Lair: D:8-11

Altars:
Ashenzari
Cheibriados
Dithmenos
Elyvilon
Fedhas
Gozag
Hepliaklqana
Kikubaaqudgha
Makhleb
Nemelex Xobeh
Okawaru
Qazlal
Sif Muna
Trog
Uskayaw
Vehumet
Wu Jian
Xom
Zin
The Shining One


Message History

The centaur shoots an arrow.
The arrow hits you! A mysterious force pulls you upwards.
The hatch slams shut behind you.
You feel sick.
Casting: Fireball (safe; 2% risk of failure)
Confirm with . or Enter, or press ? or * to list all spells.
Aiming: Flame Tongue (safe; 1% risk of failure)
Press: ? - help, Shift-Dir - straight line, f - killer bee
Aim: a killer bee You feel a surge of power!
The flame tongue misses the killer bee.
The killer bee stings you! The killer bee misses you.
Casting: Flame Tongue (safe; 1% risk of failure)
Confirm with . or Enter, or press ? or * to list all spells.
Aiming: Flame Tongue (safe; 1% risk of failure)
Press: ? - help, Shift-Dir - straight line, f/p - killer bee
Aim: a killer bee You feel a surge of power!
The flame tongue misses the killer bee.
You feel sick. The killer bee stings you!
* * * LOW HITPOINT WARNING * * *
The killer bee stings you!
You die...

§§§§........####.# #.#
#§#§...........#.# #.#
§#..(.......##.#.# #.##
#..#.....#.###.#.# #.##
..##.[..##.# #.#.# #.##
####.#.###.# #.#.# #.#.
#.#.###.# #.#.## #...
#.#.....###....#### #...
#.####......y@....# ##..
#.#
##.###....##.###########.
#.# #.#
#.#.###.#........... #.#
#.# #..........#########
#.#####>###.#.####+#.#
#...........####.+_'.#
####
#######.########.#'###
#... #.............# #.##
###########...# #.#.


You could see a killer bee.

Vanquished Creatures
  A two-headed ogre (D:7)
  The ghost of GameOver the Conjurer, an amateur NaWz (D:4)
  A hippogriff (D:8)
  2 slime creatures (D:5)
  The ghost of emperorscorpion the Magician, an amateur DEAE of Makhleb (D:3)
  Sigmund (D:3)
  Duvessa (D:5)
  An orc warrior (D:6)
  A phantom (D:7)
  2 sky beasts
  2 ogres
  A centaur (D:5)
  3 big kobolds (D:5)
  Blork the orc (D:6)
  5 bullfrogs
  Dowan (D:5)
  A scorpion (D:7)
  2 howler monkeys
  A bullfrog zombie (D:7)
  4 hounds
  2 jellies
  An orc priest (D:6)
  2 iguanas
  4 orc wizards
  Terence (D:3)
  5 worker ants
  Robin (D:3)
  8 gnolls
  3 adders
  3 river rats (D:6)
  A shadow imp (D:5)
  10 oozes
  2 worms
  2 dart slugs
  A leopard gecko (D:4)
  24 orcs
  A ball python (D:6)
  9 bats
  2 giant cockroaches
  17 goblins
  7 hobgoblins
  3 jackals (D:3)
  2 quokkas
  7 frilled lizards
  A jackal skeleton (D:4)
  9 kobolds
  8 rats
169 creatures vanquished.

Vanquished Creatures (others)
  A fungus (D:5)
  4 toadstools (D:5)
5 creatures vanquished.

Grand Total: 174 creatures vanquished

Notes
Turn   | Place    | Note
-------+----------+-------------------------------------------
     0 | D:1      | pk666 the Deep Elf Fire Elementalist began the quest for the Orb.
     0 | D:1      | Reached XP level 1. HP: 10/10 MP: 6/6
   109 | D:1      | Reached XP level 2. HP: 15/15 MP: 6/8
   534 | D:2      | Reached XP level 3. HP: 19/19 MP: 7/10
   714 | D:2      | Found a glowing golden altar of the Shining One.
  1024 | D:3      | Found a shattered altar of Ashenzari.
  1172 | D:3      | Reached XP level 4. HP: 10/24 MP: 3/11
  1209 | D:3      | Reached skill level 4 in Spellcasting
  1383 | D:3      | Noticed Terence
  1388 | D:3      | Noticed Robin
  1656 | D:3      | Killed Terence
  1731 | D:3      | Killed Robin
  1731 | D:3      | Reached XP level 5. HP: 23/28 MP: 1/13
  1831 | D:3      | Learned a level 4 spell: Sticky Flame
  1835 | D:3      | Learned a level 3 spell: Conjure Flame
  2114 | D:3      | Noticed Sigmund
  2136 | D:3      | Killed Sigmund
  2136 | D:3      | Reached skill level 5 in Spellcasting
  2136 | D:3      | Reached XP level 6. HP: 2/32 MP: 1/15
  2429 | D:3      | Noticed emperorscorpion's ghost (amateur DEAE)
  2450 | D:3      | Killed emperorscorpion's ghost
  2450 | D:3      | Reached skill level 5 in Conjurations
  2450 | D:3      | Reached skill level 5 in Fire Magic
  2606 | D:3      | Found an iron altar of Okawaru.
  2659 | D:4      | Reached XP level 7. HP: 26/36 MP: 10/17
  2713 | D:3      | Learned a level 5 spell: Fireball
  2743 | D:4      | Noticed GameOver's ghost (amateur NaWz)
  2757 | D:4      | Killed GameOver's ghost
  2757 | D:4      | Reached skill level 6 in Spellcasting
  3417 | D:4      | Reached skill level 7 in Spellcasting
  3924 | D:5      | Entered Level 5 of the Dungeon
  3965 | D:5      | Found a staircase to the Ecumenical Temple.
  3974 | Temple   | Entered the Ecumenical Temple
  3984 | Temple   | Became a worshipper of Vehumet
  4150 | D:5      | Reached XP level 8. HP: 41/41 MP: 5/20
  4361 | D:5      | Noticed a slime creature
  4361 | D:5      | Noticed a slime creature
  4419 | D:5      | Killed a slime creature
  4419 | D:5      | Reached skill level 8 in Spellcasting
  4450 | D:5      | Killed a slime creature
  4695 | D:5      | Noticed Duvessa
  4697 | D:5      | Noticed Dowan
  4706 | D:5      | Killed Duvessa
  4706 | D:5      | Reached * piety under Vehumet
  4706 | D:5      | Offered knowledge of Magic Dart by Vehumet.
  4708 | D:5      | Killed Dowan
  5536 | D:6      | Reached skill level 9 in Spellcasting
  5537 | D:6      | Reached XP level 9. HP: 29/45 MP: 6/24
  5878 | D:6      | Noticed Blork the orc
  5881 | D:6      | Killed Blork the orc
  5887 | D:6      | Found a deep blue altar of Sif Muna.
  5916 | D:6      | Found a burning altar of Makhleb.
  6891 | D:7      | Reached ** piety under Vehumet
  6896 | D:7      | Offered knowledge of Sandblast by Vehumet.
  6971 | D:7      | Noticed a two-headed ogre
  6977 | D:7      | Killed a two-headed ogre
  6977 | D:7      | Reached skill level 10 in Spellcasting
  7310 | D:7      | Found a shimmering altar of Xom.
  7310 | D:7      | Found an ancient bone altar of Kikubaaqudgha.
  7478 | D:7      | Found an ornate altar of the Wu Jian Council.
  7506 | D:7      | Found a shadowy altar of Dithmenos.
  7872 | D:8      | Reached XP level 10. HP: 50/50 MP: 7/26
  7884 | D:7      | Slain by a killer bee

Vault maps used:
D:1:      lemuel_arrival_broad_hall
D:2:      marbit_many_paths
D:3:      ashenzari_altar_1, okawaru_altar_gauntlet_db, uniq_terence,
          uniq_sigmund, uniq_robin
D:4:      first_ration
D:5:      cheibrodos_fertilizer, minmay_temple_entry_statues_pillars,
          kennysheep_diamond, uniq_duvessa
D:6:      bloody_makhleb, tgw_sif, lightli_sewer_entry_pipes
D:7:      grunt_dithmenos_smoke_and_mirrors, kennysheep_mini,
          gammafunk_temple_overflow_elements
D:8:      nicolae_ru_great_annihilating_truth, serial_shops,
          nicolae_shop_behind_doors, shop, hangedman_little_slice_of_home
Temple:   jpeg_temple_clearing

Skill      XL: |  1  2  3  4  5  6  7  8  9 |
---------------+----------------------------+-----
Conjurations   | 2 3 4 5 6 8 9 |  9.6
Spellcasting   | 4 5 7 9 10 | 10.9
Fire Magic     | 4 5 6 7 9 |  9.6
Dodging        | |  2.4
Stealth        | |  2.4

Action                   |  1- 3 |  4- 6 |  7- 9 | 10-12 || total
-------------------------+-------+-------+-------+-------++-------
Melee: Unarmed           |       |       |    20 |       ||    20
 Cast: Flame Tongue      |    63 |    93 |   202 |     2 ||   360
       Conjure Flame     |       |     1 |    17 |       ||    18
       Fireball          |       |       |    23 |     2 ||    25
       Sticky Flame      |       |       |     2 |       ||     2
  Use: Scroll            |     2 |       |     8 |       ||    10
       Potion            |       |     3 |       |       ||     3
  Eat: Chunk             |     1 |     4 |    17 |       ||    22
       Ration            |       |       |     1 |       ||     1
Armor: Robe              |     4 |     6 |     1 |       ||    11
Dodge: Dodged            |    11 |    31 |    49 |     5 ||    96

Table legend:
 A = Spawn XP
 B = Non-spawn XP
 C = Spawn XP percentage of total XP
 D = Spawn monster count
 E = Non-spawn monster count
 F = Spawn count percentage of total count
 G = Total turns spent on level
                    A         B        C        D         E        F      G
               +---------+---------+-------+---------+---------+-------+---------
         Total |       0 |    5781 |   0.0 |       0 |     169 |   0.0 |  7884
               +---------+---------+-------+---------+---------+-------+---------
           D:1 |       0 |      23 |   0.0 |       0 |      16 |   0.0 |   454
           D:2 |       0 |      52 |   0.0 |       0 |      18 |   0.0 |   736
           D:3 |       0 |     582 |   0.0 |       0 |      39 |   0.0 |  1469
           D:4 |       0 |     709 |   0.0 |       0 |      17 |   0.0 |  1265
           D:5 |       0 |    1368 |   0.0 |       0 |      25 |   0.0 |  1406
           D:6 |       0 |    1042 |   0.0 |       0 |      33 |   0.0 |  1431
           D:7 |       0 |    1608 |   0.0 |       0 |      19 |   0.0 |   958
           D:8 |       0 |     397 |   0.0 |       0 |       2 |   0.0 |    33
               +---------+---------+-------+---------+---------+-------+---------
